 Dungeon Sprint DCSS version 0.20.1-1-g8b1a95d (webtiles) character file.

19724 Cadaver the Executioner (level 12, -2/130 HPs)
             Began as a Minotaur Warper on Oct 20, 2017.
             Was a High Priest of Uskayaw.
             Killed from afar by Ilsuiw (29 damage)
             ... with a shard of ice
             ... in the Dungeon (Sprint VII: "The Pits").
             The game lasted 00:25:22 (4504 turns).

Cadaver the Executioner (Minotaur Warper)           Turns: 4504, Time: 00:25:23

Health: -2/130     AC: 26    Str: 21    XL:     12   Next: 39%
Magic:  15/15      EV: 12    Int: 14    God:    Uskayaw [*****.]
Gold:   16         SH:  0    Dex: 11    Spells: 9/16 levels left

rFire    . . .     SeeInvis .   b - +2 battleaxe
rCold    . . .     Gourm    .   (shield currently unavailable)
rNeg     . . .     Faith    .   w - +2 plate armour
rPois    .         Spirit   .   (helmet restricted)
rElec    .         Reflect  .   B - +0 cloak
rCorr    .         Harm     .   (no gloves)
MR       .....     NoTele   +   F - +0 pair of boots
Stlth    ..........             (no amulet)
Regen    0.4/turn               x - +3 ring of evasion
MPRegen  0.2/turn               y - +3 ring of protection

@: mighty, very slightly contaminated, invisible
A: retaliatory headbutt, horns 2
a: Stomp, Line Pass, Grand Finale, Renounce Religion


You were in the Dungeon.
You worshipped Uskayaw.
Uskayaw was noncommittal.
You were hungry.

You visited 1 branch You collected 16 gold pieces.

Inventory:

Hand Weapons
 b - a +2 battleaxe (weapon)
 m - a +2 hand axe
 n - a +2 mace
 u - a +1 flail of protection
 v - a +1 hand axe of freezing
 D - a +1 vampiric broad axe
Missiles
 e - 5 tomahawks of dispersal (quivered)
 l - 22 javelins
Armour
 w - a +2 plate armour (worn)
 B - a +0 cloak (worn)
 C - a +4 chain mail
 F - a +0 pair of boots (worn)
Jewellery
 a - an uncursed ring of protection from fire
 x - a +3 ring of evasion (left hand)
 y - a +3 ring of protection (right hand)
 E - an uncursed ring of positive energy
 G - an uncursed ring of fire
Scrolls
 d - 2 scrolls of blinking
 p - 5 scrolls of remove curse
 q - 5 scrolls of amnesia
 J - 6 scrolls of enchant weapon
 K - a scroll of fear
 L - 4 scrolls of enchant armour
Potions
 g - 11 potions of curing
 h - 2 potions of heal wounds
 i - 2 potions of haste
 j - 4 potions of magic
 k - 3 potions of berserk rage
 o - a potion of invisibility
 z - 3 potions of agility
Books
 c - a book of Spatial Translocations

   Spells                             Type                      Level
   a - Blink                          Translocation                2
   b - Shroud of Golubria             Charms/Translocation         2
   c - Lesser Beckoning               Translocation                3
   d - Gell's Gravitas                Translocation                3
   e - Teleport Other                 Translocation                3
   f - Passage of Golubria            Translocation                4
 I - The Intricacies of Thaumaturgy
   (You found it in the Dungeon)

   Spells                             Type                      Level
   a - Ignition                       Fire                         8
   b - Controlled Blink               Translocation                8
Miscellaneous
 H - a phial of floods
Comestibles
 f - 7 bread rations
 r - 4 chunks of flesh
 s - 37 fruits
 t - 8 meat rations


   Skills:
 + Level 19.5 Fighting
 + Level 22.5(22.6) Axes
 + Level 3.0(15.7) Maces & Flails
 - Level 1.0 Throwing
 + Level 18.1 Armour
 * Level 4.5 Dodging
 + Level 2.9 Spellcasting
 + Level 2.1 Translocations
 * Level 3.4 Invocations


You had 9 spell levels left.
You knew the following spells:

 Your Spells              Type           Power        Failure   Level  Hunger
a - Blink                 Tloc           N/A          71%         2    ##.....
b - Shroud of Golubria    Chrm/Tloc      #.........   86%         2    ##.....
c - Lesser Beckoning      Tloc           #.........   91%         3    ###....


Dungeon Overview and Level Annotations

Branches:
Dungeon (1/1)

Altars:
Ashenzari
Cheibriados
Dithmenos
Elyvilon
Fedhas
Gozag
Hepliaklqana
Kikubaaqudgha
Makhleb
Nemelex Xobeh
Okawaru
Qazlal
Ru
Sif Muna
Trog
Uskayaw
Vehumet
Xom
Yredelemnul
Zin
The Shining One
Beogh
Jiyva
Lugonu

Annotations:
D Ilsuiw


Innate Abilities, Weirdness & Mutations

You reflexively headbutt those who attack you in melee.
You have a pair of horns on your head.


Message History

The shard of ice hits you!
* * * LOW HITPOINT WARNING * * *
The deep elf mage moves out of view.
Unknown command.
Wield which item (- for none, * to show all)? (? for menu, Esc to quit)
Okay, then.
You feel much better.
You hear some strange, mumbled words.
A shard of ice appears from out of thin air!
The shard of ice misses you.
Your plate armour prevents you from hitting something.
The deep elf mage shouts!
You slice something!!
The deep elf mage shouts!
Something hits you but does no damage.
You barely miss something.
The deep elf mage shouts!
You hear some strange, mumbled words.
A shard of ice appears from out of thin air!
The shard of ice hits you!
You die...

#..# #S# #..#
#..################..#
#########....m...............#
______.##....m...............#
______.###########'(##########
____...###########'e##########
######'##................##..#
.'.))'.##......#{.#......##..#
######.##..†.)..@........''..#
..)))...'..)....)........''..####
###'#####).....#..#......##....).
.#..#..##................##..[.).
.'..'..#####'#####)'#############
'####'###.......##''##### ######
.......##.......##......# #.....
.......##.......##......# ##....
###'#####...<...###....## ####..


You could see a deep elf mage (wandering).

Vanquished Creatures
  A death cob (D)
  A frost giant (D)
  A merfolk javelineer (D)
  A hydra (D)
  A two-headed ogre (D)
  2 orc high priests (D)
  A soul eater (D)
  Urug (D)
  A lindwurm (D)
  An orc sorcerer (D)
  A wolf spider (D)
  A cyclops (D)
  A deep elf mage (D)
  A merfolk siren (D)
  An eye of devastation (D)
  2 black mambas (D)
  A kobold demonologist (D)
  A rime drake (D)
  An efreet (D)
  A komodo dragon (D)
  An ice devil (D)
  A demonic crawler (D)
  2 guardian mummies (D)
  2 merfolk (D)
  A polar bear (D)
  A hornet (D)
  6 dream sheep (D)
  A hippogriff (D)
  A bog body (D)
  5 spriggans (D)
  A redback (D)
  2 wyverns (D)
  A water elemental (D)
  5 yaks (D)
  A steam dragon (D)
  A warg (D)
  A hungry ghost (D)
  Menkaure (D)
  4 vampire mosquitoes (D)
  A small abomination (D)
  4 floating eyes (D)
  A swamp drake (D)
  3 orc warriors (D)
  A phantom (D)
  An eye of draining (D)
  6 wolves (D)
  A crocodile (D)
  A bullfrog (D)
  2 killer bees (D)
  A quasit (D)
  A gnoll shaman (D)
  3 orc wizards (D)
  2 worker ants (D)
  4 gnolls (D)
  A white imp (D)
  An ooze (D)
  An adder zombie (D)
  An adder skeleton (D)
  2 worms (D)
  8 orcs (D)
  A bat (D)
  2 goblins (D)
  7 jackals (D)
  A kobold (D)
  2 quokkas (D)
  A rat (D)
120 creatures vanquished.

Vanquished Creatures (others)
  A leopard gecko simulacrum (D)
1 creature vanquished.

Grand Total: 121 creatures vanquished

Notes
Turn   | Place    | Note
-------+----------+-------------------------------------------
     0 | D        | Cadaver the Minotaur Warper began the quest for the Orb.
     0 | D        | Reached XP level 1. HP: 18/18 MP: 1/1
    15 | D        | Reached skill level 3 in Axes
    45 | D        | Found a glowing golden altar of the Shining One.
    45 | D        | Found a glowing silver altar of Zin.
    45 | D        | Found a basalt altar of Yredelemnul.
    45 | D        | Found a shimmering altar of Xom.
    45 | D        | Found a bloodstained altar of Trog.
    45 | D        | Found a deep blue altar of Sif Muna.
    45 | D        | Found a sacrificial altar of Ru.
    45 | D        | Found a stormy altar of Qazlal.
    45 | D        | Found an iron altar of Okawaru.
    45 | D        | Found a sparkling altar of Nemelex Xobeh.
    45 | D        | Found a burning altar of Makhleb.
    45 | D        | Found a viscous altar of Jiyva.
    45 | D        | Found a hazy altar of Hepliaklqana.
    45 | D        | Found an opulent altar of Gozag.
    45 | D        | Found a blossoming altar of Fedhas.
    45 | D        | Found a white marble altar of Elyvilon.
    45 | D        | Found a shadowy altar of Dithmenos.
    45 | D        | Found a snail-covered altar of Cheibriados.
    46 | D        | Found a radiant altar of Vehumet.
    46 | D        | Found a corrupted altar of Lugonu.
    46 | D        | Found a roughly hewn altar of Beogh.
    47 | D        | Found a hide-covered altar of Uskayaw.
    47 | D        | Found an ancient bone altar of Kikubaaqudgha.
    47 | D        | Found a shattered altar of Ashenzari.
    55 | D        | Became a worshipper of Uskayaw the Reveler
    70 | D        | Noticed a worker ant
    75 | D        | Reached * piety under Uskayaw
    76 | D        | Killed a worker ant
    76 | D        | Reached skill level 5 in Fighting
    76 | D        | Reached skill level 5 in Axes
    76 | D        | Reached XP level 2. HP: 29/29 MP: 3/3
   119 | D        | Noticed a floating eye
   122 | D        | Paralysed by a floating eye for 2 turns
   126 | D        | Reached ** piety under Uskayaw
   128 | D        | Reached *** piety under Uskayaw
   129 | D        | Killed a floating eye
   129 | D        | Reached skill level 8 in Axes
   129 | D        | Reached XP level 3. HP: 41/41 MP: 4/4
   129 | D        | Reached XP level 4. HP: 49/49 MP: 5/5
   146 | D        | Reached XP level 5. HP: 56/56 MP: 6/6
   298 | D        | Reached skill level 9 in Axes
   302 | D        | Reached **** piety under Uskayaw
   307 | D        | Reached skill level 10 in Axes
   307 | D        | Reached ***** piety under Uskayaw
   343 | D        | Reached skill level 10 in Fighting
   343 | D        | Reached XP level 6. HP: 50/66 MP: 7/7
   430 | D        | Noticed an orc warrior
   451 | D        | Reached skill level 11 in Axes
   460 | D        | Reached skill level 5 in Armour
   469 | D        | Reached skill level 12 in Axes
   470 | D        | Killed an orc warrior
   511 | D        | Noticed an orc high priest
   512 | D        | Noticed a chaos spawn
   513 | D        | Noticed a red devil
   548 | D        | Noticed a chaos spawn
   551 | D        | Noticed a ynoxinul
   555 | D        | Killed an orc high priest
   555 | D        | Reached skill level 15 in Axes
   555 | D        | Reached XP level 7. HP: 48/77 MP: 8/8
   555 | D        | Reached XP level 8. HP: 52/83 MP: 9/9
   693 | D        | Learned a level 2 spell: Blink
   696 | D        | Learned a level 2 spell: Shroud of Golubria
   700 | D        | Learned a level 3 spell: Lesser Beckoning
   805 | D        | Noticed a black mamba
   813 | D        | Reached skill level 16 in Axes
   818 | D        | Killed a black mamba
   951 | D        | Noticed a two-headed ogre
   973 | D        | Reached skill level 17 in Axes
   981 | D        | Reached XP level 9. HP: 84/93 MP: 10/10
  1004 | D        | Killed a two-headed ogre
  1004 | D        | Reached skill level 18 in Axes
  1098 | D        | Noticed a rime drake
  1126 | D        | Killed a rime drake
  1126 | D        | Reached skill level 10 in Armour
  1142 | D        | Reached skill level 19 in Axes
  1147 | D        | Reached ****** piety under Uskayaw
  1179 | D        | Noticed an efreet
  1198 | D        | Reached XP level 10. HP: 82/104 MP: 11/11
  1402 | D        | Noticed a wolf spider
  1416 | D        | Paralysed by a floating eye for 4 turns
  1424 | D        | Reached skill level 15 in Fighting
  1430 | D        | Noticed Urug
  1462 | D        | Killed Urug
  1462 | D        | Reached skill level 20 in Axes
  1779 | D        | Paralysed by a floating eye for 4 turns
  1787 | D        | Killed a wolf spider
  1898 | D        | Noticed a spriggan rider
  2143 | D        | Noticed Menkaure
  2185 | D        | Killed Menkaure
  2185 | D        | Reached XP level 11. HP: 109/115 MP: 12/12
  2373 | D        | Reached skill level 21 in Axes
  2629 | D        | Noticed a lindwurm
  2645 | D        | Killed a lindwurm
  2676 | D        | Reached skill level 15 in Armour
  2818 | D        | Noticed a death cob
  2834 | D        | Killed a death cob
  3182 | D        | Identified The Intricacies of Thaumaturgy (You found it in the Dungeon)
  3379 | D        | Noticed an orc high priest
  3380 | D        | Noticed an orc sorcerer
  3395 | D        | Killed an orc high priest
  3400 | D        | Killed an orc sorcerer
  3535 | D        | Noticed a deep elf mage
  3552 | D        | Killed a deep elf mage
  3552 | D        | Reached skill level 22 in Axes
  4082 | D        | Noticed a soul eater
  4082 | D        | Noticed a four-headed hydra
  4083 | D        | Noticed a merfolk javelineer
  4130 | D        | Killed a four-headed hydra
  4130 | D        | Reached skill level 1 in Maces & Flails
  4130 | D        | Reached XP level 12. HP: 106/128 MP: 14/14
  4313 | D        | Reached skill level 1 in Invocations
  4320 | D        | Killed a merfolk javelineer
  4455 | D        | Noticed a frost giant
  4467 | D        | Noticed Ilsuiw
  4475 | D        | Killed a frost giant
  4500 | D        | HP: 5/130 [something/shard of ice (34)]
  4504 | D        | Killed from afar by Ilsuiw

Skill      XL: |  1  2  3  4  5  6  7  8  9 10 11 12 |
---------------+-------------------------------------+-----
Fighting       | 5 8 10 12 13 14 16 18 19 | 19.5
Axes           | 5 8 10 15 17 19 20 22 | 22.5
Armour         | 2 3 4 7 8 10 13 17 18 | 18.1
Spellcasting   | 2 |  2.9
Maces & Flails | 1 3 |  3.0
Invocations    | 3 |  3.4
Dodging        | 4 |  4.5
Throwing       | |  1.0
Translocations | |  2.1

Action                   |  1- 3 |  4- 6 |  7- 9 | 10-12 || total
-------------------------+-------+-------+-------+-------++-------
Melee: Hand axe          |    15 |    90 |    30 |       ||   135
       Headbutt          |     1 |    17 |     8 |    43 ||    69
       Broad axe         |       |       |    62 |    51 ||   113
       Battleaxe         |       |       |       |   230 ||   230
       Flail             |       |       |       |     8 ||     8
Invok: Line Pass         |       |     1 |     2 |     3 ||     6
       Stomp             |       |       |     1 |     2 ||     3
  Use: Potion            |     1 |       |     1 |    15 ||    17
       Scroll            |       |       |       |     1 ||     1
 Stab: Paralysed         |     1 |     5 |     5 |    22 ||    33
       Invisible         |       |       |       |     4 ||     4
  Eat: Chunk             |       |       |     2 |    11 ||    13
       Bread ration      |       |       |     1 |       ||     1
       Fruit             |       |       |       |     4 ||     4
Armor: Leather armour    |     2 |     2 |       |       ||     4
       Plate armour      |       |    27 |    41 |   191 ||   259
Dodge: Dodged            |    11 |    19 |    34 |   124 ||   188
